Map: Golden Wall LE

Players

Syndrome - Winner!

  • Race: Protoss Protoss
  • League: Diamond
  • Spawn Location: 5:00

kuK

  • Race: Protoss Protoss
  • League: Diamond
  • Spawn Location: 7:00

VOD

Have the link to the VOD?

Description

Time

  • Played on: Aug. 24, 2020, 1:51 p.m.
  • Length: 3:25
Show
View Real Time Build Order
Export as new Build Order

Syndrome Protoss - Winner!

Build Orders:  

Get SALT Encoding   

  12  0:00  Probe  
  13  0:12  Probe  
  14  0:24  Probe  
  15  0:42  Pylon  
  15  1:01  Gateway  
  15  1:02  Gateway  
  15  1:04  Forge  
  15  1:10  Probe  
  16  1:22  Probe  
  17  1:26  Pylon  
  17  1:30  Pylon  
  17  1:45  Photon Cannon  
  17  1:46  Photon Cannon  
  17  1:49  Zealot (Chrono Boost)  
  21  1:54  Zealot (Chrono Boost)  
  21  2:07  Zealot (Chrono Boost)  
  23  2:11  Zealot  
  25  2:33  Photon Cannon  
  25  2:34  Photon Cannon  
  25  2:37  Photon Cannon  
  25  2:55  Pylon  
  25  3:06  Photon Cannon  
  27  3:23  Pylon  
Show
View Real Time Build Order
Export as new Build Order

kuK Protoss 

Build Orders:  

Get SALT Encoding   

  12  0:00  Probe  
  13  0:12  Probe  
  14  0:18  Pylon  
  15  0:28  Probe  
  15  0:38  Gateway  
  15  0:40  Probe (Chrono Boost)  
  16  0:44  Assimilator  
  16  0:52  Probe (Chrono Boost)  
  17  0:57  Probe (Chrono Boost)  
  18  1:07  Probe  
  18  1:10  Gateway  
  19  1:19  Probe  
  20  1:31  Probe  
  21  1:34  Pylon  
  21  1:36  Cybernetics Core  
  21  1:49  Assimilator, Probe  
  22  1:56  Forge  
  22  2:01  Probe  
  23  2:10  Stalker (Chrono Boost)  
  27  2:28  Photon Cannon  
  27  2:32  Photon Cannon  
  25  2:38  Pylon  
  25  2:44  Shield Battery  
  25  2:52  Photon Cannon  
  25  2:57  Photon Cannon  
  25  2:58  Photon Cannon  
  25  3:08  Pylon  
Tags
 
Add a new tag
Caveats
  • Supply blocks, unpowered buildings, or Contaminate may cause inaccurate times.
  • Supply counts are checked every 10 seconds.